 Dungeon Crawl Stone Soup version 0.27-a0-1188-g73eefd5def (webtiles) character file.

Game seed: 15810065778092797556

39 Glokmah the Vexing (level 3, 0/20 HPs)
             Began as a Deep Elf Arcane Marksman on May 21, 2021.
             Succumbed to an adder's poison
             ... on level 1 of the Dungeon.
             The game lasted 00:03:59 (1764 turns).

Glokmah the Vexing (Deep Elf Arcane Marksman)       Turns: 1764, Time: 00:04:00

Health: 0/20       AC:  2    Str:  4 (7)  XL:     3   Next: 26%
Magic:  5/8        EV: 12    Int: 14 (17) God:
Gold:   15         SH:  0    Dex: 14 (16) Spells: 3/6 levels left

rFire    . . .     SeeInvis .   b - +0 dagger
rCold    . . .     Faith    .   (no shield)
rNeg     . . .     Spirit   .   e - +0 robe
rPois    .         Reflect  .   (no helmet)
rElec    .         Harm     .   (no cloak)
rCorr    .         Rampage  .   (no gloves)
Will     .....                  (no boots)
Stlth    +.........             (no amulet)
HPRegen  0.06/turn              (no ring)
MPRegen  0.11/turn              (no ring)

@: mighty, lethally poisoned (0 -> -3)
A: no striking features
a: no special abilities


You were on level 1 of the Dungeon.
You visited 1 branch of the dungeon, and saw 2 of its levels.

You collected 15 gold pieces.

Inventory:

Hand Weapons
 a - a +0 shortbow
 b - a +0 dagger (weapon)
Missiles
 d - 6 arrows
Armour
 e - a +0 robe (worn)
Scrolls
 f - a scroll of teleportation {unknown}
 i - a scroll of magic mapping {unknown}
Potions
 h - a potion of flight {unknown}


   Skills:
 + Level 1.3 Fighting
 * Level 3.7 Bows
 - Level 2.4 Dodging
 + Level 2.3 Spellcasting
 + Level 4.4 Hexes


You had 3 spell levels left.
You knew the following spells:

 Your Spells              Type           Power      Damage    Failure   Level
a - Corona                Hex            15%        N/A       3%          1
b - Slow                  Hex            14%        N/A       5%          2

Your spell library contained the following spells:

 Spells                   Type           Power      Damage    Failure   Level
 Inner Flame              Hex/Fire       7%         N/A       28%         3
 Portal Projectile        Hex/Tloc       14%        N/A       28%         3
 Cause Fear               Hex            7%         N/A       36%         4
 Leda's Liquefaction      Hex/Erth       3%         N/A       67%         4


Dungeon Overview and Level Annotations

Branches:
Dungeon (2/15)

Altars:


Message History

You start resting.
HP restored.
You climb downwards.
The adder closely misses you. The adder misses you.
There is a stone staircase leading up here.
Casting: Corona (safe; 3% risk of failure)
Confirm with . or Enter, or press ? or * to list all spells.
Aiming: Slow (safe; 4% risk of failure)
Press: ? - help, Shift-Dir - straight line, f - adder
Aim: an adder (chance to affect: 63%)
The adder resists with significant effort.
The adder bites you.
Casting: Slow (safe; 4% risk of failure)
Confirm with . or Enter, or press ? or * to list all spells.
Aiming: Slow (safe; 4% risk of failure)
Press: ? - help, Shift-Dir - straight line, f/p - adder
Aim: an adder (chance to affect: 63%)
The adder seems to slow down.
The adder barely misses you.
You barely miss the adder. The adder bites you.
You are poisoned.
The adder poisons you!
You completely miss the adder.
You feel sick. The adder bites you.
You are more poisoned.
The adder poisons you!
You closely miss the adder.
You feel sick. The adder bites you.
* * * LOW HITPOINT WARNING * * *
* * * LOW HITPOINT WARNING * * *
You feel sick. The adder barely misses you.
You climb upwards.
* * * LOW HITPOINT WARNING * * *
You feel sick.
There is a stone staircase leading down here.
It was a potion of degeneration.
There was something very wrong with that liquid.
You feel weakened.
You feel dopey.
You feel clumsy.
* * * LOW HITPOINT WARNING * * *
You feel sick. The adder bites you.
* * * LOW HITPOINT WARNING * * *
It was a potion of might.
You feel very mighty all of a sudden.
You die...

##......#.#
#.#†########.###
.#......#.# #.#.#....# #.#
.#......#.# #.#.#.##.###.#
.#......#.# #.#.#.##.....#
.######.#'####.#.#.########
.# #........#.#.# .#
#........#.#(#
.######........#.#.#
................@#.#
.#.##.........##S#.#
.#.##.........'....#
.#.##.........##.###
.#.####.......##.#
........########.#
##.###### #.# ##.# #.# ##.#
#.#


You could see an adder (slow).

Vanquished Creatures
  A dart slug (D:1)
  3 ball pythons
  A bat (D:1)
  4 endoplasms
  A giant cockroach (D:1)
  3 goblins
  3 hobgoblins (D:1)
  2 jackals
  A kobold (D:2)
  4 quokkas (D:1)
  7 frilled lizards (D:1)
  3 rats (D:1)
33 creatures vanquished.

Vanquished Creatures (others)
  3 plants (D:1)
3 creatures vanquished.

Grand Total: 36 creatures vanquished

Notes
Turn   | Place    | Note
-------+----------+-------------------------------------------
     0 | D:1      | Glokmah the Deep Elf Arcane Marksman began the quest for
                  | the Orb.
     0 | D:1      | Reached XP level 1. HP: 11/11 MP: 5/5
   101 | D:1      | Reached skill level 1 in Fighting
   126 | D:1      | Reached XP level 2. HP: 16/16 MP: 6/6
   406 | D:1      | Learned a level 2 spell: Slow
   893 | D:1      | Reached XP level 3. HP: 20/20 MP: 8/8
  1763 | D:1      | HP: 1/20 [adder (1)]
  1764 | D:1      | Succumbed to an adder's poison

Illustrated notes

Levels and vault maps discovered:
D:1:      minmay_arrival_shoal_huts, layout_basic, minmay_lizard_king
D:2:      layout_loops_ring, hellmonk_ecumenical_altar_leap_of_faith

Skill      XL: |  1  2 |
---------------+-------+-----
Bows           | 3 |  3.7
Fighting       | 1 |  1.3
Spellcasting   | 2 |  2.3
Dodging        | |  2.4
Hexes          | |  4.4

Action                   || total
-------------------------++-------
Melee: Dagger            ||     6
 Fire: Shortbow          ||    91
 Cast: Corona            ||     4
       Slow              ||     3
  Use: Potion            ||     2
Armor: Robe              ||    11
Dodge: Dodged            ||    39

Table legend: (Time is in decaauts)
 A = Elapsed time spent in this place.
 B = Non-inter-level travel time spent in this place.
 C = Inter-level travel time spent in this place.
 D = Time resting spent in this place.
 E = Time spent auto-exploring this place.
 F = Levels seen in this place.
 G = Mean time per level.
                   A        B        C        D        E       F      G
               +--------+--------+--------+--------+--------+-----+--------+
         Total |   1780 |   1510 |    270 |    123 |    978 |   2 |  890.0 |
       Dungeon |   1780 |   1510 |    270 |    123 |    978 |   2 |  890.0 |
               +--------+--------+--------+--------+--------+-----+--------+

Top non-repeatable levels by time:
     D:1: 1600 daAuts
     D:2: 180 daAuts
